AoeStats
← CapitanGarfio

Arabia

510461642Analyzed
1v1 RM · 14h ago on Oct 1, 2026· 75m 54s· 2 players
Game mode
Random Map
Map size
Tiny (2 player)
Population
200
Speed
Normal
Resources
Standard
Victory
Conquest
Starting age
Dark Age
Ending age
Imperial Age
RankedLock teamsTeams togetherTeam positionsShared explorationLock speedFull tech treeHidden civsTurbo modeCheats
Victory
Defeat
🇲🇽 Byzantines · Mexico
463
+14
🇲🇽 Ethiopians · Mexico
418
-14
ganjahtronics
0:43 Loom
14:20 Feudal Age
15:46 Wheelbarrow
15:03 Double-Bit Axe
17:01 Gold Mining
18:10 Arson
20:18 Forging
19:32 Man-at-Arms
21:37 Scale Mail Armor
21:43 Scale Barding Armor
25:04 Town Watch
26:14 Stone Mining
26:28 Padded Archer Armor
28:33 Castle Age
29:40 Fletching
30:47 Bow Saw
30:23 Horse Collar
31:50 Light Cavalry
32:51 Hand Cart
32:00 Long Swordsman
32:41 Squires
33:20 Iron Casting
32:10 Crossbowman
34:36 Husbandry
35:03 Masonry
34:44 Heated Shot
35:15 Ballistics
35:16 Murder Holes
36:04 Thumb Ring
41:15 Imperial Age
38:47 Town Patrol
40:09 Guard Tower
41:37 Royal Heirs
41:55 Chain Mail Armor
41:37 Bodkin Arrow
42:59 Heavy Plow
44:08 Two-Man Saw
43:46 Gold Shaft Mining
43:52 Stone Shaft Mining
42:48 Two-Handed Swordsman
45:39 Blast Furnace
44:57 Leather Archer Armor
47:53 Halberdier
48:06 Arbalester
50:25 Plate Mail Armor
50:26 Ring Archer Armor
49:57 Bracer
51:17 Chemistry
50:37 Siege Engineers
51:48 Cavalier
53:31 Elite Shotel Warrior
62:49 Chain Barding Armor
68:54 Heavy Camel Rider
CapitanGarfio
0:39 Loom
13:03 Feudal Age
13:26 Horse Collar
13:33 Double-Bit Axe
14:40 Wheelbarrow
16:28 Gold Mining
16:32 Stone Mining
26:16 Castle Age
27:49 Gold Shaft Mining
27:53 Stone Shaft Mining
27:23 Heavy Plow
27:35 Bow Saw
35:18 Imperial Age
32:35 Light Cavalry
32:37 Pikeman
33:18 Squires
34:50 Greek Fire
35:46 Hand Cart
38:56 Forging
38:47 Scale Mail Armor
38:52 Scale Barding Armor
38:47 Padded Archer Armor
38:38 Fletching
40:39 Logistica
42:21 Bodkin Arrow
42:41 Leather Archer Armor
43:02 Iron Casting
42:42 Chain Mail Armor
42:47 Chain Barding Armor
42:05 Hussar
46:18 Two-Man Saw
46:42 Elite Cataphract
47:55 Plate Mail Armor
48:00 Plate Barding Armor
47:56 Ring Archer Armor
47:26 Bracer
47:26 Halberdier
58:29 Elite Skirmisher
60:14 Chemistry
59:35 Ballistics
58:57 Treadmill Crane
Connection lost

Rejoining the realm…

Still unreachable

The connection could not be restored.

Session expired

The server has moved on; the page needs a fresh start.